 Dungeon Crawl Stone Soup version 0.28.0-53-g5a82cb258f (webtiles) character file.

Game seed: 8575836237090133625

2 moldycheese5 the Magician (level 1, 0/15 HPs)
             Began as a Djinni Fire Elementalist on June 17, 2022.
             Slain by a quokka (2 damage)
             ... on level 1 of the Dungeon.
             The game lasted 00:00:44 (260 turns).

moldycheese5 the Magician (Djinni Fire Elementalist) Turns: 260, Time: 00:00:45

Health: 0/15       AC:  2    Str:  7    XL:     1   Next: 44%
Gold:   16         EV: 12    Int: 16    God:
                   SH:  0    Dex: 13

rFire   + + .      SeeInvis .   (no weapon)
rCold   x . .      Faith    .   (no shield)
rNeg    . . .      Spirit   .   a - +0 robe
rPois   ∞          Reflect  .   (no helmet)
rElec   .          Harm     .   (no cloak)
rCorr   .          Rampage  .   (no gloves)
Will    .....                   (boots unavailable)
Stlth   ++........              (no amulet)
HPRegen 0.05/turn               (no ring)
MPRegen 0.00/turn               (no ring)

@: flying
A: sickness immunity, fire resistance 2, cold vulnerability 1, float, innate
caster, HP casting, extra vitality 1
a: no special abilities


You were on level 1 of the Dungeon.
You visited 1 branch of the dungeon, and saw 1 of its levels.

You collected 16 gold pieces.

Inventory:

Armour
 a - a +0 robe (worn)
Potions
 b - a potion of lignification {unknown}


   Skills:
 + Level 2.2 Dodging
 + Level 1.5 Stealth
 + Level 2.5 Spellcasting


You couldn't memorise any spells.
You knew the following spells:

 Your Spells              Type           Power      Damage    Failure   Level
a - Foxfire               Conj/Fire      40%        2x1d6     7%          1
b - Scorch                Fire           20%        2d6       11%         2
c - Conjure Flame         Conj/Fire      10%        6-21      21%         3
d - Inner Flame           Hex/Fire       10%        N/A       21%         3
e - Flame Wave            Conj/Fire      10%        2d5       56%         4
Your spell library was empty.

Dungeon Overview and Level Annotations

Branches:
Dungeon (1/15)

Altars:


Innate Abilities, Weirdness & Mutations

You are immune to sickness and miasma.
You are immune to poison.
Your flesh is very heat resistant. (rF++)
You are vulnerable to cold. (rC-)
You float through the air rather than walking.
You learn spells naturally, not from books.
Your magical power is your life essence.
You have superior vitality. (+4 MHP)


Message History

You are very lightly contaminated with residual magic.
Nothing appears to happen.
The quokka bites you.
* * * LOW HITPOINT WARNING * * *
You are too injured to fight recklessly!
You are too injured to fight recklessly!
The foxfire hits the quokka.
The quokka is severely wounded.
The foxfire hits the quokka but does no damage.
The quokka is severely wounded.
The quokka twitches its whiskers.
The quokka bites you.
* * * LOW HITPOINT WARNING * * *
A quokka comes into view.
Found 13 sling bullets.
You are too injured to fight recklessly!
You aren't experienced enough to cast this spell.
You aren't experienced enough to cast this spell.
Casting: Foxfire (safe; 7% risk of failure)
Press: ? - help, Q - select action, (/) - cycle Dir - look around, f - activate You conjure some foxfire!
* * * LOW HITPOINT WARNING * * *
The quokka bites you but does no damage.
You don't have enough health to cast this spell.
You don't have enough health to cast this spell.
You don't have enough health to cast this spell.
You don't have enough health to cast this spell.
You miss the quokka.
The quokka is severely wounded.
The foxfire hits the quokka.
You kill the quokka!
The foxfire hits the quokka.
The quokka is severely wounded.
Your magical contamination has completely faded away.
The quokka barely misses you.
You don't have enough health to cast this spell.
The quokka closely misses you.
The quokka twitches its whiskers.
The quokka closely misses you. The quokka bites you.
You die...

..........#.................# #.
..........#.....>...........####.
....................†.....)......
............................##...
........^.#........############..
..........#.#.......# ##.
..........#...##.#....# #.
##...#........##.###.... #.
#........#.#...#@# ...... ##
(.###...#.#$#..#r######... ######
....###..#_#.......### ##. #.....
........#.#.#.......... ##.8.♣.
....###..#.#........### ##......
..............####..... #<.≈≈≈≈≈
.##########.## .#### ##......
.... .. ##.8.♣. ##.### ... #.....


You could see a quokka.

Vanquished Creatures
  2 quokkas (D:1)
2 creatures vanquished.

Vanquished Creatures (others)
  20 foxfires (D:1)
20 creatures vanquished.

Grand Total: 22 creatures vanquished

Notes
Turn   | Place    | Note
-------+----------+-------------------------------------------
     0 | D:1      | moldycheese5 the Djinni Fire Elementalist began the quest
                  | for the Orb.
     0 | D:1      | Reached XP level 1. HP: 15/15 MP: 0/0
   191 | D:1      | Found a faded altar of an unknown god.
   260 | D:1      | Slain by a quokka

Illustrated notes

Levels and vault maps discovered:
D:1:      mainiacjoe_arrival_reflecting_pool, layout_rooms,
          chequers_ecumenical_altar_simple_redux

Action                   || total
-------------------------++-------
Melee: Unarmed           ||     1
 Cast: Foxfire           ||    14
Armor: Robe              ||     1
Dodge: Dodged            ||     5
